 Dungeon Crawl Stone Soup version 0.28.0-53-g5a82cb258f (webtiles) character file.

Game seed: 9067478665715910105

11436 pkoi the Zephyrmancer (level 11, 0/82 HPs)
             Began as a Demigod Air Elementalist on May 25, 2022.
             Slain by a manticore (6 damage)
             ... on level 2 of the Lair of Beasts.
             The game lasted 00:26:19 (16343 turns).

pkoi the Zephyrmancer (Demigod Air Elementalist)   Turns: 16343, Time: 00:26:20

Health: 0/82       AC: 16    Str:  9    XL:     11   Next: 25%
Magic:  1/19       EV: 13    Int: 36    God:
Gold:   557        SH:  0    Dex: 14    Spells: 4/16 levels left

rFire   . . .      SeeInvis .   n - +6 lajatang (speed)
rCold   . . .      Faith    .   (shield currently unavailable)
rNeg    . . .      Spirit   .   x - +2 robe "Nesay" {rElec Will+ Int+7}
rPois   +          Reflect  .   i - +2 helmet
rElec   +          Harm     .   (no cloak)
rCorr   .          Rampage  .   m - +1 pair of gloves
Will    ++...                   l - +2 pair of boots
Stlth   ++........              (no amulet)
HPRegen 0.23/turn               b - +4 ring of protection
MPRegen 0.16/turn               t - ring of poison resistance

@: spiked
A: high MP 1, forlorn, divine attributes
a: no special abilities


You were on level 2 of the Lair of Beasts.
You visited 2 branches of the dungeon, and saw 11 of its levels.

You collected 557 gold pieces.

Inventory:

Hand Weapons
 n - a +6 lajatang of speed (weapon)
Missiles
 g - 5 throwing nets
 s - 7 poisoned darts
 y - a curare-tipped dart
Armour
 i - a +2 helmet (worn)
 l - a +2 pair of boots (worn)
 m - a +1 pair of gloves (worn)
 x - the +2 robe "Nesay" (worn) {rElec Will+ Int+7}
   (You found it on level 5 of the Dungeon)

   Int:       It affects your intelligence (+7).
   rElec:     It insulates you from electricity.
   Will:      It increases your willpower.
Jewellery
 b - a +4 ring of protection (left hand)
 d - a ring of protection from fire
 k - a ring of willpower
 t - a ring of poison resistance (right hand)
Wands
 p - a wand of polymorph (7)
 q - a wand of iceblast (3)
 u - a wand of paralysis (13)
 v - a wand of flame (36)
Scrolls
 c - a scroll of fear
 f - a scroll of magic mapping
 w - 2 scrolls of fog
 z - a scroll of teleportation
 A - a scroll of silence
Potions
 a - 2 potions of flight
 e - 2 potions of resistance
 h - 2 potions of brilliance
 j - 3 potions of heal wounds
 o - 3 potions of curing
 r - 2 potions of invisibility
 B - a potion of magic
 D - a potion of berserk rage


   Skills:
 - Level 3.0 Fighting
 + Level 7.8 Staves
 - Level 1.0 Armour
 + Level 4.6 Dodging
 - Level 3.0 Stealth
 - Level 3.0 Spellcasting
 - Level 6.0 Conjurations
 + Level 10.3 Air Magic
 - Level 6.0 Poison Magic
 - Level 3.0 Evocations


You had 4 spell levels left.
You knew the following spells:

 Your Spells              Type           Power      Damage    Failure   Level
a - Shock                 Conj/Air       100%       1d9       1%          1
b - Static Discharge      Conj/Air       59%        N/A       1%          2
c - Poisonous Vapours     Pois/Air       100%       N/A       1%          2
d - Airstrike             Air            34%        N/A       1%          4
x - Swiftness             Air            68%        N/A       1%          3

Your spell library contained the following spells:

 Spells                   Type           Power      Damage    Failure   Level
 Corpse Rot               Necr/Air       84%        N/A       1%          2
 Animate Skeleton         Necr           10%        N/A       4%          1
 Pain                     Necr           20%        1d5       4%          1
 Summon Small Mammal      Summ           20%        N/A       4%          1
 Call Canine Familiar     Summ           5%         N/A       14%         3
 Summon Guardian Golem    Hex/Summ       5%         N/A       14%         3
 Vampiric Draining        Necr           5%         2d6       14%         3
 Hailstorm                Conj/Ice       27%        3d7       14%         4
 Sticky Flame             Conj/Fire      27%        2d5       14%         4
 Dispel Undead            Necr           5%         3d7       43%         4
 Ice Form                 Ice/Tmut       5%         N/A       43%         4
 Simulacrum               Ice/Necr       2%         N/A       100%        6


Dungeon Overview and Level Annotations

Branches:
Dungeon (9/15)             Temple (0/1) D:5            Lair (2/6) D:9
  Swamp: Lair:2-4    Shoals: Lair:2-4     Snake: Lair:2-4    Spider: Lair:2-4
    Orc: D:9-12

Annotations:
D:4 2 transporters
D:8 3 runed translucent doors, seaoflcl's ghost, novice HuFi
Lair:1 2 transporters, melloss's ghost, journeyman SpEn


Innate Abilities, Weirdness & Mutations

You have an increased reservoir of magic. (+10% MP)
You shall have no god before yourself.
Your divine heritage dramatically boosts your attributes as you level up.


Message History

The death yak is struck by an arc of lightning!
You kill the death yak!
You resist.
You are struck by an arc of lightning.
* * * LOW HITPOINT WARNING * * *
The death yak is struck by an arc of lightning.
The death yak is severely wounded.
The lightning grounds out.
The death yak is struck by an arc of lightning!
The death yak is almost dead.
You resist.
You are struck by an arc of lightning.
The death yak is struck by an arc of lightning.
The death yak is almost dead.
The lightning grounds out.
The death yak gores you!
* * * LOW HITPOINT WARNING * * *
The manticore flicks its tail.
The volley of spikes hits you!
The barbed spikes become lodged in your body.
* * * LOW HITPOINT WARNING * * *
You are too injured to fight recklessly!
You feel much better. The death yak gores you!
* * * LOW HITPOINT WARNING * * *
Unknown command.
You feel much better.
The death yak gores you but does no damage.
Unknown command.
Unknown command.
You slash the death yak!
You kill the death yak!
Training target 3.0 for Evocations reached!
Your Evocations skill increases to level 3!
Unknown command.
You completely miss the manticore.
The manticore is lightly wounded.
Unknown command.
You hit the manticore.
The manticore is moderately wounded.
The manticore bites you!!
* * * LOW HITPOINT WARNING * * *
The manticore claws you.
You die...

..#.....####
#.....#
........##
##...##
.........#
##...#
........##
#....##
....#...#
##....#
.####.###
#...## ## ###
#...####
#††..#.##
#@###...##
#H###....#
##........#
#.........###
##........#.#
#.P...#...##
#.#.###..##
##. #P....#
#P..### ...
#P..P.#
##.#..####


You could see a manticore (very poisoned).

Vanquished Creatures
  Harold (Lair:2)
  2 death yaks (Lair:2)
  An ugly thing (D:7)
  2 black mambas
  2 cane toads (Lair:1)
  A rime drake (Lair:1)
  A komodo dragon (Lair:1)
  A troll (D:9)
  Prince Ribbit (D:6)
  A vampire (D:7)
  Eustachio (D:4)
  22 yaks
  2 steam dragons
  Menkaure (D:7)
  An acid dragon (D:9)
  3 water moccasins (Lair:1)
  2 orc warriors (D:9)
  Duvessa (D:5)
  A sky beast (D:8)
  A hornet zombie (D:9)
  3 black bears
  4 ogres
  4 kobold brigands
  A wyvern zombie (D:5)
  4 bullfrogs
  3 scorpions
  Dowan (D:5)
  3 wights (D:7)
  A centaur zombie (D:9)
  A bullfrog zombie (D:6)
  3 hounds
  A jelly (D:5)
  6 orc priests
  Natasha (twice) (D:3)
  3 iguanas
  5 orc wizards
  A killer bee zombie (D:8)
  Robin (D:3)
  3 howler monkey zombies
  2 adders
  2 shadow imps
  An adder skeleton (D:4)
  2 worms
  4 dart slugs
  19 orcs
  6 endoplasms
  3 giant cockroaches
  10 goblins
  6 hobgoblins
  26 kobolds
  4 quokkas
  6 ball pythons
  3 bats
  4 frilled lizards
  8 rats
204 creatures vanquished.

Vanquished Creatures (collateral kills)
  An ogre (D:7)
1 creature vanquished.

Vanquished Creatures (others)
  10 fungi (Lair:2)
  11 plants
21 creatures vanquished.

Grand Total: 226 creatures vanquished

Notes
Turn   | Place    | Note
-------+----------+-------------------------------------------
     0 | D:1      | pkoi the Demigod Air Elementalist began the quest for the
                  | Orb.
     0 | D:1      | Reached XP level 1. HP: 14/14 MP: 5/5
   223 | D:1      | Reached skill level 3 in Air Magic
   543 | D:1      | Reached XP level 2. HP: 20/20 MP: 2/7
   602 | D:1      | Learned a level 2 spell: Static Discharge
  1571 | D:2      | Reached skill level 4 in Air Magic
  1571 | D:2      | Reached XP level 3. HP: 10/26 MP: 2/8
  2437 | D:3      | Noticed a steam dragon
  2462 | D:3      | Learned a level 2 spell: Poisonous Vapours
  3059 | D:3      | Noticed Robin
  3282 | D:3      | Noticed an ogre
  3342 | D:4      | Noticed a scorpion
  3349 | D:4      | Killed a scorpion
  3350 | D:4      | Reached skill level 1 in Poison Magic
  3350 | D:4      | Reached XP level 4. HP: 29/33 MP: 3/9
  3408 | D:4      | Reached skill level 5 in Air Magic
  3629 | D:4      | Reached XP level 5. HP: 36/38 MP: 3/10
  3695 | D:4      | Noticed a black bear
  3714 | D:4      | Killed a black bear
  3918 | D:4      | Found a transporter.
  3933 | D:4      | Identified a scroll of acquirement
  3933 | D:4      | Acquired a +2 lajatang of speed
  3945 | D:4      | Noticed Eustachio
  3983 | D:4      | Killed Eustachio
  3984 | D:4      | Reached skill level 1 in Staves
  3984 | D:4      | Reached XP level 6. HP: 37/45 MP: 0/11
  4087 | D:4      | Found a transporter.
  4195 | D:4      | Reached skill level 6 in Air Magic
  4489 | D:4      | Learned a level 3 spell: Swiftness
  4596 | D:5      | Entered Level 5 of the Dungeon
  4639 | D:5      | Identified the +2 robe "Nesay" {rElec Will+ Int+7}
  4850 | D:5      | Reached skill level 1 in Armour
  4850 | D:5      | Reached XP level 7. HP: 50/50 MP: 6/12
  5227 | D:5      | Found a staircase to the Ecumenical Temple.
  5544 | D:5      | Reached skill level 1 in Fighting
  5653 | D:5      | Noticed Duvessa
  5667 | D:5      | Killed Duvessa
  5682 | D:5      | Noticed Dowan
  5694 | D:5      | Killed Dowan
  5695 | D:5      | Reached skill level 7 in Air Magic
  6076 | D:6      | Noticed a steam dragon
  6088 | D:6      | Killed a steam dragon
  6154 | D:6      | Reached XP level 8. HP: 61/61 MP: 12/15
  6387 | D:3      | Killed Robin
  6544 | D:3      | Noticed Natasha
  6548 | D:3      | Killed Natasha
  6696 | D:3      | Noticed Natasha
  6701 | D:3      | Killed Natasha
  6906 | D:6      | Noticed Prince Ribbit
  6918 | D:6      | Killed Prince Ribbit
  6998 | D:6      | Learned a level 4 spell: Airstrike
  7252 | D:6      | Reached skill level 1 in Conjurations
  7252 | D:6      | Reached skill level 8 in Air Magic
  7374 | D:6      | Noticed Maggie
  7382 | D:6      | Noticed Maggie
  7382 | D:6      | Maggie changed into Maggie the quokka
  7389 | D:6      | Killed Maggie the quokka
  8325 | D:7      | Noticed Menkaure
  8368 | D:7      | Killed Menkaure
  8369 | D:7      | Reached skill level 5 in Staves
  8369 | D:7      | Reached XP level 9. HP: 69/69 MP: 1/16
  9209 | D:8      | Noticed a green ugly thing
  9511 | D:7      | Killed a green ugly thing
  9990 | D:7      | Reached skill level 9 in Air Magic
 10727 | D:8      | Found a runed translucent gate.
 10727 | D:8      | Found a runed translucent gate.
 10727 | D:8      | Found a runed translucent gate.
 10727 | D:8      | Noticed seaoflcl's ghost (novice HuFi)
 11180 | D:9      | Found a staircase to the Lair.
 11826 | D:9      | Reached XP level 10. HP: 64/77 MP: 3/17
 12706 | D:9      | Reached skill level 5 in Conjurations
 12706 | D:9      | Reached skill level 5 in Poison Magic
 13650 | Lair:1   | Entered Level 1 of the Lair of Beasts
 13650 | Lair:1   | Noticed a black mamba
 13653 | Lair:1   | Killed a black mamba
 14248 | Lair:1   | Noticed an elephant
 14256 | Lair:1   | Noticed a black mamba
 14257 | Lair:1   | Noticed melloss's ghost (journeyman SpEn)
 14287 | Lair:1   | Reached skill level 1 in Evocations
 14530 | Lair:1   | Found a transporter.
 14534 | Lair:1   | Found a transporter.
 15387 | Lair:2   | Reached skill level 10 in Air Magic
 15767 | Lair:2   | Noticed a black mamba
 15770 | Lair:2   | Killed a black mamba
 15771 | Lair:2   | Reached XP level 11. HP: 82/82 MP: 5/19
 15782 | Lair:2   | Noticed Harold
 15930 | Lair:2   | Killed Harold
 16193 | Lair:2   | Noticed a death yak
 16194 | Lair:2   | Noticed a death yak
 16195 | Lair:2   | Noticed a death yak
 16195 | Lair:2   | Noticed a death yak
 16293 | Lair:2   | Noticed a death yak
 16305 | Lair:2   | Noticed a death yak
 16338 | Lair:2   | Killed a death yak
 16338 | Lair:2   | HP: 2/82 [manticore/volley of spikes (8)]
 16341 | Lair:2   | Killed a death yak
 16343 | Lair:2   | Slain by a manticore

Illustrated notes

Levels and vault maps discovered:
D:1:      ncdulo_wetmaze, layout_basic, chequers_garden,
          minmay_misc_feat_ornament, minmay_misc_feat_enclosed
D:2:      layout_rooms, hellmonk_ecumenical_altar_run_dry,
          chequers_hall_statues_corner_a, serial_bayou_pond_c
D:3:      layout_basic, uniq_robin, uniq_natasha
D:4:      gammafunk_steamed_eel, layout_cave_pools, uniq_eustachio
D:5:      layout_basic, minmay_temple_entry_wispy, uniq_duvessa
D:6:      layout_basic, uniq_maggie, uniq_prince_ribbit1
D:7:      layout_loops_cross, uniq_menkaure
D:8:      layout_rooms, lemuel_doored_altar, gammafunk_ghost_necromancy
D:9:      layout_stronghold, lair_entry_dummy
Lair:1:   layout_chaotic_city, gammafunk_ghost_arena
Lair:2:   layout_misc_corridors, minmay_shoals_entry_beasts,
          nicolae_spider_entry_orb_guardian, basic_altar, uniq_harold,
          uniq_nergalle

Skill      XL: |  1  2  3  4  5  6  7  8  9 10 11 |
---------------+----------------------------------+-----
Air Magic      | 3 4 5 6 7 8 9 10 | 10.3
Poison Magic   | 1 2 3 4 6 |  6.0
Staves         | 1 2 3 5 6 7 |  7.8
Armour         | 1 |  1.0
Dodging        | 2 3 4 |  4.6
Spellcasting   | 2 3 |  3.0
Fighting       | 1 3 |  3.0
Conjurations   | 2 4 6 |  6.0
Evocations     | 2 3 |  3.0
Stealth        | 2 3 |  3.0

Action                   |  1- 3 |  4- 6 |  7- 9 | 10-12 || total
-------------------------+-------+-------+-------+-------++-------
Melee: Short sword       |     2 |       |       |       ||     2
       Whip              |    17 |     2 |       |       ||    19
       Lajatang          |       |    10 |    66 |    42 ||   118
 Cast: Shock             |   102 |    16 |    68 |    14 ||   200
       Static Discharge  |     2 |     3 |    23 |    18 ||    46
       Poisonous Vapours |       |    26 |    65 |    62 ||   153
       Airstrike         |       |       |    18 |    24 ||    42
       Swiftness         |       |       |     2 |       ||     2
Evoke: Wand              |       |       |     5 |       ||     5
  Use: Scroll            |     2 |     7 |    13 |     7 ||    29
       Potion            |       |       |     4 |     2 ||     6
 Stab: Sleeping          |     1 |       |     1 |       ||     2
Armor: Robe              |     8 |    32 |    40 |    27 ||   107
Dodge: Dodged            |    13 |    41 |    60 |    29 ||   143
